 Dungeon Sprint DCSS version 0.19.1 (webtiles) character file.

436 dvd the Fighter (level 6, -3/99 HPs)
             Began as a Minotaur Fighter on Dec 12, 2016.
             Was an Initiate of Qazlal.
             Slain by Sonja
             ... wielding a +3 short sword of draining
              (9 damage)
             ... in the Dungeon (Sprint I: "Red Sonja").
             The game lasted 00:02:12 (501 turns).

dvd the Fighter (Minotaur Fighter)                   Turns: 501, Time: 00:02:13

Health: -3/99      AC:  6    Str: 26    XL:     6   Next: 69%
Magic:  5/5        EV:  6    Int:  5    God:    Qazlal [......]
Gold:   74         SH:  8    Dex: 13    Spells: 0 memorised, 5 levels left

rFire  . . .     SeeInvis .     l - +1 flail of Devotion {crush, +Blink Dex+2 Stlth+} (curse)
rCold  . . .     Gourm    .     b - +0 scale mail
rNeg   . . .     Faith    .     c - +0 shield
rPois  .         Spirit   .     (helmet restricted)
rElec  .         Reflect  .     (no cloak)
rCorr  .         Harm     .     (no gloves)
MR     .....     NoTele   +     (no boots)
Stlth  ..........               (no amulet)
                                (no ring)
                                (no ring)

@: mighty, berserking (expiring), very heavily drained, very quick
A: retaliatory headbutt, horns 2
a: Renounce Religion, Evoke Blink


You were in the Dungeon.
You worshipped Qazlal.
Qazlal was noncommittal.
You were not hungry.

You visited 1 branch You collected 312 gold pieces.
You spent 238 gold pieces at shops.

Inventory:

Hand Weapons
 a - a +0 war axe
 l - the cursed +1 flail of Devotion (weapon) {crush, +Blink Dex+2 Stlth+}
   (You bought it in a shop in the Dungeon)

   It inflicts extra damage upon your enemies.
   It affects your dexterity (+2).
   It lets you blink.
   It makes you more stealthy.
   It has a curse placed upon it.
Armour
 b - a +0 scale mail (worn)
 c - a +0 shield (worn)
Scrolls
 k - a scroll of blinking
Potions
 e - a potion of curing
 g - a potion of heal wounds
 h - a potion of haste
 i - 3 potions of magic
Comestibles
 f - 2 bread rations


   Skills:
 + Level 10.0(0.1) Fighting
 + Level 6.6(0.0) Axes
 + Level 10.0(0.0) Armour
 + Level 1.8(0.0) Dodging
 + Level 0.5(0.0) Stealth
 + Level 9.6(0.0) Shields


You had 5 spell levels left.
You didn't know any spells.

Dungeon Overview and Level Annotations

Branches:
Dungeon (1/1)

Altars:
Cheibriados
Dithmenos
Elyvilon
Fedhas
Gozag
Hepliaklqana
Kikubaaqudgha
Nemelex Xobeh
Okawaru
Qazlal
Ru
Sif Muna
Trog
Uskayaw
Vehumet
Yredelemnul
Zin
The Shining One

Shops:
D *

Annotations:
D Sonja


Innate Abilities, Weirdness & Mutations

You reflexively headbutt those who attack you in melee.
You have a pair of horns on your head.


Message History

You completely miss Sonja.
Sonja twirls her cape.
Sonja hits you but does no damage.
You feel drained. Sonja hits you but does no damage.
You feel drained. You block Sonja's attack.
Unknown command.
You completely miss Sonja.
Sonja hits you with an uncursed short sword of draining.
* * * LOW HITPOINT WARNING * * *
You feel drained.
* * * LOW HITPOINT WARNING * * *
Sonja hits you with an uncursed short sword of draining.
* * * LOW HITPOINT WARNING * * *
You feel drained. You block Sonja's attack.
Sonja hits you with an uncursed short sword of draining.
* * * LOW HITPOINT WARNING * * *
You feel drained. Sonja hits you but does no damage.
You feel drained. You block Sonja's attack.
You miss Sonja. Your headbutt misses Sonja.
Sonja hits you with an uncursed short sword of draining!
You die...

################
#<.#..)..#.)'..#
#..'÷.#..'..#..+
#..#####'#####'#
#..####..#...#.#
#..#__####..##.#
#..#___K_##(#..+
#⌠⌠#_.∩.@('(.._#
####_..__##_.#+#
#_____###'#
####### #.# $.$
$.$# ##.## #+#


You could see Sonja.

Vanquished Creatures
  Sigmund (D)
  A yak (D)
  An ogre (D)
  A jelly (D)
  Ijyb (D)
5 creatures vanquished.

Vanquished Creatures (others)
  A gargoyle (D)
1 creature vanquished.

Grand Total: 6 creatures vanquished

Notes
Turn   | Place    | Note
-------+----------+-------------------------------------------
     0 | D        | dvd the Minotaur Fighter began the quest for the Orb.
     0 | D        | Reached XP level 1. HP: 19/19 MP: 0/0
     1 | D        | Noticed Ijyb
     6 | D        | Killed Ijyb
     6 | D        | Reached skill level 5 in Fighting
     6 | D        | Reached skill level 5 in Armour
     6 | D        | Reached skill level 5 in Shields
     6 | D        | Reached XP level 2. HP: 29/29 MP: 1/1
    13 | D        | Noticed an ogre
    17 | D        | Killed an ogre
    17 | D        | Reached XP level 3. HP: 22/39 MP: 2/2
    17 | D        | Reached XP level 4. HP: 27/47 MP: 3/3
   160 | D        | Noticed Sigmund
   168 | D        | Killed Sigmund
   168 | D        | Reached skill level 5 in Axes
   168 | D        | Reached XP level 5. HP: 38/56 MP: 4/4
   239 | D        | Killed a gargoyle
   279 | D        | Found a deep blue altar of Sif Muna.
   281 | D        | Found a radiant altar of Vehumet.
   284 | D        | Reached XP level 6. HP: 58/63 MP: 5/5
   308 | D        | Found Qotaxube's Assorted Antiques.
   308 | D        | Found an ancient bone altar of Kikubaaqudgha.
   308 | D        | Found a hazy altar of Hepliaklqana.
   308 | D        | Found a hide-covered altar of Uskayaw.
   308 | D        | Found a basalt altar of Yredelemnul.
   308 | D        | Found an opulent altar of Gozag.
   308 | D        | Found a snail-covered altar of Cheibriados.
   308 | D        | Found a sacrificial altar of Ru.
   308 | D        | Found a shadowy altar of Dithmenos.
   308 | D        | Noticed a yak
   314 | D        | Killed a yak
   314 | D        | Reached skill level 10 in Fighting
   314 | D        | Reached skill level 10 in Armour
   314 | D        | Reached skill level 1 in Dodging
   315 | D        | Found a stormy altar of Qazlal.
   315 | D        | Found a blossoming altar of Fedhas.
   315 | D        | Found a bloodstained altar of Trog.
   315 | D        | Found an iron altar of Okawaru.
   315 | D        | Found a glowing golden altar of the Shining One.
   315 | D        | Found a glowing silver altar of Zin.
   315 | D        | Found a white marble altar of Elyvilon.
   316 | D        | Found a sparkling altar of Nemelex Xobeh.
   320 | D        | Bought a slimy flail for 238 gold pieces
   320 | D        | Identified the cursed +1 flail of Devotion {crush, +Blink Dex+2 Stlth+} (You bought it in a shop in the Dungeon)
   468 | D        | Became a worshipper of Qazlal Stormbringer
   473 | D        | Noticed Sonja
   501 | D        | Slain by Sonja

Skill      XL: |  1  2  3  4  5  6 |
---------------+-------------------+-----
Fighting       | 5 7 8 9 10 | 10.0
Axes           | 3 4 5 6 |  6.6
Armour         | 5 7 9 10 | 10.0
Shields        | 5 6 8 9 |  9.6
Dodging        | 1 |  1.8
Stealth        | |  0.5

Action                   |  1- 3 |  4- 6 || total
-------------------------+-------+-------++-------
Melee: War axe           |     7 |    14 ||    21
       Headbutt          |     3 |     7 ||    10
       Flail             |       |    11 ||    11
  Use: Potion            |       |     2 ||     2
Armor: Scale mail        |     3 |    12 ||    15
Dodge: Dodged            |     4 |    12 ||    16
Block: Shield            |     1 |    29 ||    30
